 Dungeon Crawl Stone Soup version 0.32-a0-485-g70f7560b1c (webtiles) character file.

Game seed: 15185201822263825129

34 originaljbw the Cudgeller (level 3, 0/29 HPs)
             Began as a Human Berserker on Feb 27, 2024.
             Was a Follower of Trog.
             Slain by an adder (1 damage)
             ... on level 2 of the Dungeon.
             The game lasted 00:05:29 (891 turns).

originaljbw the Cudgeller (Human Berserker)          Turns: 891, Time: 00:05:29

Health: 0/29       AC:  2    Str: 19    XL:     3   Next: 31%
Magic:  3/3        EV: 12    Int:  7    God:    Trog [*.....]
Gold:   21         SH:  0    Dex: 12    Spells: 2/2 levels left

rFire   . . .        j - +1 whip (freeze)
rCold   . . .        (no shield)
rNeg    . . .        b - +0 animal skin
rPois   .            (no helmet)
rElec   .            (no cloak)
rCorr   .            (no gloves)
SInv    .            (no boots)
Will    .....        (no amulet)
Stlth   +            (no ring)
HPRegen 0.24/turn    (no ring)
MPRegen 0.08/turn

%: no passive effects
@: lethally poisoned (0 -> -2)
A: explore regen
a: Renounce Religion, Berserk


You were on level 2 of the Dungeon.
You worshipped Trog.
Trog was aware of your devotion.
You visited 1 branch of the dungeon, and saw 2 of its levels.

You collected 21 gold pieces.

Inventory:

Hand Weapons
 a - a +0 mace
 j - a +1 whip of freezing (weapon)
Missiles
 h - 11 stones (quivered)
Armour
 b - a +0 animal skin (worn)
Jewellery
 e - a +6 ring of dexterity
Scrolls
 c - 2 scrolls of identify {unknown}
 f - a scroll of blinking {unknown}
 g - a scroll of noise {unknown}
 i - a scroll of enchant weapon {unknown}
Potions
 d - a potion of brilliance {unknown}


   Skills:
 + Level 3.5 Fighting
 + Level 3.6 Maces & Flails
 + Level 2.0 Armour
 + Level 2.2 Dodging
 + Level 0.3 Stealth


You had 2 spell levels left.
You didn't know any spells.
Your spell library was empty.

Dungeon Overview and Level Annotations

Branches:
Dungeon (2/15)

Altars:


Innate Abilities, Weirdness & Mutations

You regain HP and MP as you explore.


Message History

You hit the adder. You freeze the adder.
The adder is lightly wounded.
You feel sick. The adder barely misses you.
The kobold throws a stone.
The stone hits you but does no damage.
You closely miss the adder.
The adder is lightly wounded.
You feel sick. The adder bites you. x2
You hit the adder but do no damage.
The adder is lightly wounded.
You feel sick. The adder bites you. What are your orders? t - Shout!
Orders for allies: a - Attack new target. r - Retreat! s - Stop attacking. g - Guard the area. f - Follow me.
Anything else - Cancel.
Okay, then.
You closely miss the adder.
The adder is lightly wounded.
You feel sick. The adder bites you.
* * * LOW HITPOINT WARNING * * *
You are more poisoned.
The adder poisons you!
You hit the adder.
The adder seems to slow down.
You freeze the adder.
The adder is almost dead.
* * * LOW HITPOINT WARNING * * *
You feel sick. The adder bites you but does no damage.
* * * LOW HITPOINT WARNING * * *
You feel sick.
The kobold throws a stone.
The stone hits you but does no damage. The adder attacks as it pursues you!
The adder bites you.
* * * LOW HITPOINT WARNING * * *
There is an open door here.
* * * LOW HITPOINT WARNING * * *
You feel sick.
You barely miss the adder.
The adder is almost dead.
* * * LOW HITPOINT WARNING * * *
You feel sick. The adder bites you.
You die...

##.[.....## #...#####
#.........####........
+.........+.......####
#.........####...##
#.......# ##..#
#.....# ##.# #.K.# #.#
##S## #.## #@# #..#
#####.### ##.#
#.......# #.#
#.##....# #.#
##.#.....# #.#
.........#########.#
##.###.....†.......#
#. ###.########### #
...#


You could see an adder (slow) and a kobold.

Vanquished Creatures
  A ribbon worm (D:2)
  3 ball pythons
  An endoplasm (D:1)
  3 giant cockroaches (D:1)
  4 goblins
  3 hobgoblins
  4 jackals (D:1)
  A quokka (D:1)
  A bat (D:1)
  3 frilled lizards (D:1)
  3 rats (D:1)
27 creatures vanquished.

Notes
Turn   | Place    | Note
-------+----------+-------------------------------------------
     0 | D:1      | originaljbw the Human Berserker began the quest for the
                  | Orb.
     0 | D:1      | Reached XP level 1. HP: 18/18 MP: 1/1
   129 | D:1      | Reached XP level 2. HP: 22/24 MP: 2/2
   490 | D:1      | Reached XP level 3. HP: 19/29 MP: 3/3
   891 | D:2      | HP: 1/29 [poisoned by an adder]
   891 | D:2      | Slain by an adder

Illustrated notes

Levels and vault maps discovered:
D:1:      minmay_arrival_three_doors, layout_basic
D:2:      layout_loops_corners, uniq_robin

Action                     || total
---------------------------++-------
  Melee: Mace              ||    46
         Whip              ||    17
 Armour: Animal skin       ||    41
  Dodge: Dodged            ||    37

Table legend: (Time is in decaauts)
 A = Elapsed time spent in this place.
 B = Non-inter-level travel time spent in this place.
 C = Inter-level travel time spent in this place.
 D = Time resting spent in this place.
 E = Time spent auto-exploring this place.
 F = Levels seen in this place.
 G = Mean time per level.
                   A        B        C        D        E       F      G
               +--------+--------+--------+--------+--------+-----+--------+
         Total |    898 |    898 |      0 |      0 |      0 |   2 |  449.0 |
       Dungeon |    898 |    898 |      0 |      0 |      0 |   2 |  449.0 |
               +--------+--------+--------+--------+--------+-----+--------+

Top non-repeatable levels by time:
     D:1: 824 daAuts
     D:2: 74 daAuts
